 Dungeon Sprint DCSS version bcrawl-1.31 (webtiles) character file.

Game seed: 13930913910550374889

31081825 Groucho the Invulnerable (level 23, -11/262 HPs)
             Began as a Naga Fighter on Mar 31, 2021.
             Was the Champion of Cheibriados.
             Splashed by an acid blob's acid (17 damage)
             ... created by the Royal Jelly
             ... in the Dungeon (Sprint VII: "The Pits").
             The game lasted 00:50:38 (15262 turns).

Groucho the Invulnerable (Naga Fighter)            Turns: 15262, Time: 00:50:39

Health: -11/262    AC: 64    Str: 37      XL:     23   Next: 48%
Magic:  18/36      EV: 33    Int: 21      God:    Cheibriados [******]
Gold:   511        SH: 34    Dex: 36 (37) Spells: 22/22 levels left

rFire    + + +     SeeInvis +   S - +3 broad axe (vamp)
rCold    + + .     Gourm    .   R - +3 large shield {rC+}
rNeg     + . .     Faith    .   P - +14 gold dragon scales
rPois    +         Spirit   .   (helmet restricted)
rElec    +         Reflect  .   O - +4 cloak
rCorr    .         Harm     .   Q - +1 pair of gloves
MR       ++...     NoTele   +   c - +2 barding
Stlth    ..........             V - amulet of Mistrust {RegenMP rF++ Str+4}
HPRegen  0.00/turn              l - ring of Zarabb {rElec rF+ AC+6 Stlth-}
MPRegen  0.50/turn              U - ring "Fydgh" {rPois rN+ Slay+5}

@: corroded, studying 2 skills, very slow
A: large, beak, see invisible, deformed body, deterioration 1, dopey 1, low mp
1, poison resistance, slowness 2, inhibited regeneration, slow metabolism 1,
spit poison 1, no potion heal 1, subdued magic 1, constrict 1, AC +7
}: 3/3 runes: silver, golden, iron
a: Spit Poison, Bend Time, Temporal Distortion, Slouch, Step From Time, Renounce
Religion


You were in the Dungeon.
You worshipped Cheibriados.
Cheibriados was exalted by your worship.
You were not hungry.

You visited 1 branch You collected 511 gold pieces.

Inventory:

Hand Weapons
 y - the +10 morningstar "Eos" {elec, Halo rElec}
   (You found it in the Dungeon)

   Occasionally, upon striking a foe, it will discharge some electrical energy
   and cause terrible harm.
   It insulates you from electricity.
 I - a +4 hand crossbow of flaming
 S - a +3 vampiric broad axe (weapon)
Missiles
 r - 867 stones
 L - 49 javelins (quivered)
 M - 781 bolts
 N - 19 javelins of penetration {=f}
Armour
 c - a +2 barding (worn)
 z - the +2 pair of gloves of Midnight {Regen+ rCorr}
   (You found it in the Dungeon)

   It increases your rate of regeneration.
   It provides partial protection from all sources of acid and corrosion.
 O - a +4 cloak (worn)
 P - +14 gold dragon scales (worn)
 Q - a +1 pair of gloves (worn)
 R - a +3 large shield of cold resistance (worn)
Jewellery
 l - the ring of Zarabb (left hand) {rElec rF+ AC+6 Stlth-}
   (You found it in the Dungeon)

   [ring of protection]

   It affects your AC (+6).
   It protects you from fire.
   It insulates you from electricity.
   It makes you less stealthy.
 t - the ring of Xom's Passing Interest {rN+ MP+9 Dex+5}
   (You found it in the Dungeon)

   [ring of positive energy]

   It affects your dexterity (+5).
   It protects you from negative energy.
   It affects your magic capacity (+9).
 A - the ring "Veygh" {*Slow rC+ rN+ Dex+7}
   (You found it in the Dungeon)

   [ring of positive energy]

   It affects your dexterity (+7).
   It protects you from cold.
   It protects you from negative energy.
   It may slow you when you take damage.
 F - the amulet of Youthful Indiscretion {Reflect MP+9 SH+2}
   (You found it in the Dungeon)

   [amulet of reflection]

   It shields you and reflects attacks.
   It affects your magic capacity (+9).
   It affects your SH (+2).
 G - an uncursed ring of protection from cold
 U - the ring "Fydgh" (right hand) {rPois rN+ Slay+5}
   (You found it in the Dungeon)

   [ring of slaying]

   It affects your accuracy and damage with ranged weapons and melee attacks
   (+5).
   It protects you from poison.
   It protects you from negative energy.
 V - the amulet of Mistrust (around neck) {RegenMP rF++ Str+4}
   (You found it in the Dungeon)

   [amulet of magic regeneration]

   It increases your magic regeneration.
   It affects your strength (+4).
   It greatly protects you from fire.
 W - the ring of Woti {MR+ Slay+5}
   (You found it in the Dungeon)

   [ring of slaying]

   It affects your accuracy and damage with ranged weapons and melee attacks
   (+5).
   It affects your resistance to hostile enchantments.
 X - the ring "Efaic" {rC+ Str+6 Dex+6}
   (You found it in the Dungeon)

   [ring of protection from cold]

   It affects your strength (+6).
   It affects your dexterity (+6).
   It protects you from cold.
 Y - the ring of Xom's Absentmindedness {rPois rC+ MP+9}
   (You found it in the Dungeon)

   [ring of magical power]

   It protects you from cold.
   It protects you from poison.
   It affects your magic capacity (+9).
 Z - the ring "Narphan" {Int+3 Slay+5}
   (You found it in the Dungeon)

   [ring of slaying]

   It affects your intelligence (+3).
   It affects your accuracy and damage with ranged weapons and melee attacks
   (+5).
Wands
 m - a wand of iceblast (5)
 C - a wand of digging (9)
 T - a wand of flame (19)
Scrolls
 i - 7 scrolls of identify
 k - 4 scrolls of blinking
 n - 2 scrolls of vulnerability
 o - 9 scrolls of remove curse
 p - 6 scrolls of amnesia
 q - a scroll of summoning
 s - a scroll of fog
 D - 2 scrolls of fear
 E - 5 scrolls of enchant armour
 K - 5 scrolls of enchant weapon
Potions
 a - 2 potions of invisibility
 d - 6 potions of might
 f - 11 potions of curing
 h - 11 potions of haste
 j - 13 potions of berserk rage
 v - 3 potions of agility
 w - 4 potions of brilliance
 x - 6 potions of mutation
 B - a potion of degeneration
 H - a potion of cancellation
 J - a potion of lignification
Miscellaneous
 b - a phial of floods
 g - a lamp of fire
 u - 3 phantom mirrors
Comestibles
 e - 12 rations {!d}


   Skills:
 O Level 27 Fighting
 + Level 26.1 Axes
 + Level 19.9 Crossbows
 O Level 27 Throwing
 O Level 27 Armour
 O Level 27 Dodging
 O Level 27 Shields
 O Level 27 Unarmed Combat
 O Level 27 Invocations


You had 22 spell levels left.
You didn't know any spells.
Your spell library contained the following spells:

 Spells                   Type           Power        Failure   Level  Hunger
 Throw Frost              Conj/Ice       #.....       82%         2    ####...
 Apportation              Tloc           #.....       95%         1    None
 Beastly Appendage        Tmut           #.....       95%         1    None
 Flame Tongue             Conj/Fire      #....        95%         1    None
 Infusion                 Chrm           #.......     95%         1    None
 Magic Dart               Conj           #...         95%         1    None
 Sandblast                Erth           #.....       95%         1    None
 Slow                     Hex            #.......     95%         1    None
 Sting                    Conj/Pois      #...         95%         1    None
 Summon Butterflies       Summ           #.......     95%         1    None
 Summon Small Mammal      Summ           #...         95%         1    None
 Blink                    Tloc           N/A          99%         2    ####...
 Call Imp                 Summ           #.....       99%         2    ####...
 Corpse Rot               Necr           N/A          99%         2    ####...
 Flaming Arrows           Chrm/Fire      #.......     99%         2    ####...
 Passwall                 Tmut/Erth      #.......     99%         2    ####...
 Poisonous Vapours        Pois/Air       #.....       99%         2    ####...
 Shackle                  Hex            #.......     99%         2    ####...
 Sublimation of Blood     Necr           #.........   99%         2    ####...
 Swiftness                Chrm/Air       #.......     99%         2    ####...
 Beckoning                Tloc           #.........   100%        3    #####..
 Call Canine Familiar     Summ           #.......     100%        3    #####..
 Confuse                  Hex            #.......     100%        3    #####..
 Conjure Flame            Conj/Fire      #.......     100%        3    #####..
 Dazzling Orbs            Conj/Hex       #......      100%        3    #####..
 Ignite Poison            Fire/Tmut/Pois #.......     100%        3    #####..
 Inner Flame              Hex/Fire       N/A          100%        3    #####..
 Mephitic Cloud           Conj/Pois/Air  #.......     100%        3    #####..
 Portal Projectile        Tloc           #.....       100%        3    #####..
 Spider Form              Tmut/Pois      #..          100%        3    #####..
 Static Discharge         Air            #.......     100%        3    #####..
 Stone Arrow              Conj/Erth      #.....       100%        3    #####..
 Agony                    Necr           #.......     100%        4    ######.
 Airstrike                Air            #.........   100%        4    ######.
 Force Lance              Tloc           #.......     100%        4    ######.
 Ice Form                 Ice/Tmut       #.......     100%        4    ######.
 Sticky Flame             Conj/Fire      #.......     100%        4    ######.
 Summon Ice Beast         Ice/Summ       #.......     100%        4    ######.
 Summon Scorpions         Summ/Pois      #.......     100%        4    ######.
 Throw Icicle             Conj/Ice       #.......     100%        4    ######.
 Tree Form                Hex/Tmut       N/A          100%        4    ######.
 Bolt of Draining         Conj/Necr      #.........   100%        5    #######
 Bolt of Magma            Conj/Fire/Erth #.........   100%        5    #######
 Fireball                 Conj/Fire      #.........   100%        5    #######
 Lee's Rapid Deconstruct  Erth           #.........   100%        5    #######
 Passage of Golubria      Tloc           N/A          100%        5    #######
 Summon Lightning Spire   Summ/Air       #.......     100%        5    #######
 Summon Mana Viper        Hex/Summ       #.......     100%        5    #######
 Venom Bolt               Conj/Pois      #.........   100%        5    #######
 Borgnjor's Vile Clutch   Necr/Erth      #.........   100%        6    #######
 Darkness                 Hex            #.........   100%        6    #######
 Freezing Cloud           Ice/Air        #.........   100%        6    #######
 Infestation              Hex/Tmut/Pois  #........    100%        6    #######
 Invisibility             Hex            #.......     100%        6    #######
 Poison Arrow             Conj/Pois      #.........   100%        6    #######
 Steam Barrier            Chrm/Fire      #.........   100%        6    #######
 Spellforged Servitor     Conj/Summ      #.........   100%        7    #######
 Dragon's Call            Summ           #.........   100%        9    #######


Dungeon Overview and Level Annotations

Branches:
Dungeon (1/1)

Altars:
Ashenzari
Cheibriados
Dithmenos
Elyvilon
Fedhas
Gozag
Hepliaklqana
Kikubaaqudgha
Lugonu
Makhleb
Nemelex Xobeh
Okawaru
Qazlal
Ru
Sif Muna
Trog
Uskayaw
Vehumet
Wu Jian
Xom
Yredelemnul
Zin
The Shining One
Beogh
Jiyva


Innate Abilities, Weirdness & Mutations

You cannot wear boots.
Your serpentine skin is tough. (AC +7)
You have supernaturally acute eyesight. (SInv)
Armour fits poorly on your strangely shaped body.
Your system is resistant to poisons. (rPois)
You cover ground very slowly.
You have a slow metabolism.
You can spit poison.
You can use your snake-like lower body to constrict enemies.
You have a beak for a mouth.
Your body sometimes deteriorates upon taking damage.
You are dopey. (Int -2)
Your magical capacity is low. (-10% MP)
You do not regenerate when monsters are visible.
Potions are less effective at restoring your health.
Your spells are a little easier to cast, but a little less powerful.


Message History

Cheibriados thoroughly appreciates the change of pace.
You kill the deep elf blademaster!
Cheibriados thoroughly appreciates the change of pace.
You kill the azure jelly!
That felt strangely unrewarding.
You kill the acid blob!
That felt strangely unrewarding.
You kill the blizzard demon!
Cheibriados thoroughly appreciates the change of pace.
An Orb Guardian comes into view.
The Hell Sentinel hits you but does no damage.
The Hell Sentinel completely misses you.
The ancient lich gestures at you while chanting.
The crystal spear hits you!!!
* * * LOW HITPOINT WARNING * * *
Your body deteriorates!
You feel clumsy. The acid blob spits acid at you.
The splash of acid hits you but does no damage.
The acid corrodes you!
You are splashed with acid!
You die...

#################
##...............#
##.................
##.....###...###....
#)1@.###.......###..
........##...........##.
X......##.............##
.....L. ...............#
..).... ...............#
J.J.... ...............#
....... .............##
....... #...........##.
###.......###..


You could see a Hell Sentinel, an ancient lich (invisible), 2 acid blobs and an
Orb Guardian.

Vanquished Creatures
  Dissolution (D)
  Gloorx Vloq (D)
  Mnoleg (D)
  6 orbs of fire (D)
  2 ancient liches (D)
  Mennas (D)
  Xtahua (D)
  4 greater mummies (D)
  6 pandemonium lords (D)
  A Killer Klown (D)
  the Lernaean hydra (D)
  Boris (D)
  Margery (D)
  3 curse toes (D)
  Gastronok (D)
  Jory (D)
  Nikola (D)
  A bone dragon (D)
  3 profane servitors (D)
  A Brimstone Fiend (D)
  2 electric golems (D)
  3 pearl dragons (D)
  7 Shadow Fiends (D)
  A hellephant (D)
  6 liches (D)
  20 Orb Guardians (D)
  An Ice Fiend (D)
  A Hell Sentinel (D)
  2 quicksilver dragons (D)
  5 deep elf master archers (D)
  4 deep elf blademasters (D)
  21 titans (D)
  A death cob (D)
  A sphinx (D)
  2 acid blobs (D)
  3 shadow dragons (D)
  A storm dragon (D)
  A nagaraja (D)
  7 balrugs (D)
  2 cacodemons (D)
  10 frost giants (D)
  19 fire giants (D)
  A deep elf sorcerer (D)
  3 iron dragons (D)
  Louise (D)
  4 ghost moths (D)
  21 orc warlords (D)
  2 azure jellies (D)
  A draconian scorcher (D)
  2 draconian stormcallers (D)
  11 stone giants (D)
  A ghoul (D)
  2 spriggan defenders (D)
  2 draconian shifters (D)
  4 reapers (D)
  4 angels (D)
  2 ophanim (D)
  An apis (D)
  A vampire knight (D)
  2 dire elephants (D)
  2 black draconians (D)
  2 lorocyprocas (D)
  4 deep elf demonologists (D)
  A yellow draconian (D)
  A white draconian (D)
  16 ettins (D)
  5 blizzard demons (D)
  2 eidola (D)
  4 deep elf death magi (D)
  A green death (D)
  A fire dragon (D)
  Josephine (D)
  A deep elf high priest (D)
  Erolcha (D)
  A rakshasa (D)
  A catoblepas (D)
  3 ice dragons (D)
  6 naga warriors (D)
  2 spriggan air magi (D)
  2 death knights (D)
  Erica (D)
  3 vault guards (D)
  3 centaur warriors (D)
  An ogre mage (D)
  A merfolk aquamancer (D)
  7 two-headed ogres (D)
  An iron elemental (D)
  2 sea snakes (D)
  A death ooze (D)
  A deep troll shaman (D)
  11 orc high priests (D)
  2 dancing weapons (D)
  2 vampire magi (D)
  4 deep elf knights (D)
  2 sun demons (D)
  A fire crab (D)
  8 hell knights (D)
  A death drake (D)
  A salamander mystic (D)
  A spriggan druid (D)
  A cherub (D)
  A flayed ghost (D)
  A swamp dragon (D)
  A naga ritualist (D)
  An unseen horror (D)
  2 phantasmal warriors (D)
  4 harpies (D)
  4 necromancers (D)
  6 orc sorcerers (D)
  2 wizards (D)
  12 cyclopes (D)
  A salamander (D)
  4 deep elf magi (D)
  25 orc knights (D)
  3 ugly things (D)
  2 rust devils (D)
  2 eyes of devastation (D)
  3 naga magi (D)
  An elephant (D)
  2 molten gargoyles (D)
  2 smoke demons (D)
  3 guardian serpents (D)
  A cane toad (D)
  A gargoyle (D)
  2 orange demons (D)
  A rime drake (D)
  An efreet (D)
  2 tormentors (D)
  3 hellwings (D)
  A guardian mummy (D)
  6 red devils (D)
  3 merfolk (D)
  2 polar bears (D)
  3 bog bodies (D)
  2 snapping turtles (D)
  A tyrant leech (D)
  6 dream sheep (D)
  A flying skull (D)
  A redback (shapeshifter) (D)
  2 air elementals (D)
  2 wyverns (D)
  2 spriggans (D)
  6 yaks (D)
  Eustachio (D)
  2 vampires (D)
  3 water elementals (D)
  5 wraiths (D)
  2 neqoxecs (D)
  3 golden eyes (D)
  Grum (D)
  2 vampire mosquitoes (D)
  2 wargs (D)
  4 nagas (D)
  A crocodile (D)
  A large abomination (D)
  5 hell hounds (D)
  2 floating eyes (D)
  A swamp drake (D)
  16 orc warriors (D)
  An ogre (D)
  An ice beast (D)
  A black bear (D)
  2 necrophages (D)
  2 centaurs (D)
  2 eyes of draining (D)
  4 wolves (D)
  A big kobold (D)
  Blork the orc (D)
  A quasit (D)
  4 orc priests (D)
  An orc wizard (D)
  A worker ant (D)
  An iguana (D)
  A hell rat (D)
  2 gnolls (D)
  An adder (D)
  An ufetubus (D)
  4 leopard geckos (D)
  9 orcs (D)
  3 bat skeletons (D)
  A bat zombie (D)
  2 goblins (D)
  A hobgoblin (D)
  4 jackals (D)
  A ball python (D)
  A ball python simulacrum (D)
  A bat (D)
  2 giant cockroach simulacra (D)
  A giant cockroach zombie (D)
  A kobold (D)
  A quokka simulacrum (D)
  A quokka zombie (D)
  7 fire vortices (D)
585 creatures vanquished.

Vanquished Creatures (others)
  A draconian scorcher (D)
  A fire giant (D)
2 creatures vanquished.

Grand Total: 587 creatures vanquished

Notes
Turn   | Place    | Note
-------+----------+-------------------------------------------
     0 | D        | Groucho the Naga Fighter began the quest for the Orb.
     0 | D        | Reached XP level 1. HP: 21/21 MP: 1/1
   298 | D        | Found a bloodstained altar of Trog.
   298 | D        | Found a shimmering blue altar of Sif Muna.
   298 | D        | Found a viscous altar of Jiyva.
   298 | D        | Found a hazy altar of Hepliaklqana.
   298 | D        | Found an opulent altar of Gozag.
   299 | D        | Found a glowing golden altar of the Shining One.
   299 | D        | Found a glowing silver altar of Zin.
   299 | D        | Found a basalt altar of Yredelemnul.
   299 | D        | Found a shimmering altar of Xom.
   299 | D        | Found an ornate altar of the Wu Jian Council.
   299 | D        | Found a sacrificial altar of Ru.
   299 | D        | Found a stormy altar of Qazlal.
   299 | D        | Found an iron altar of Okawaru.
   299 | D        | Found a sparkling altar of Nemelex Xobeh.
   299 | D        | Found a burning altar of Makhleb.
   299 | D        | Found a blossoming altar of Fedhas.
   299 | D        | Found a white marble altar of Elyvilon.
   299 | D        | Found a shadowy altar of Dithmenos.
   299 | D        | Found a snail-covered altar of Cheibriados.
   303 | D        | Found a roughly hewn altar of Beogh.
   303 | D        | Found a corrupted altar of Lugonu.
   303 | D        | Found a radiant altar of Vehumet.
   304 | D        | Found a shattered altar of Ashenzari.
   304 | D        | Found an ancient bone altar of Kikubaaqudgha.
   304 | D        | Found a hide-covered altar of Uskayaw.
   310 | D        | Became a worshipper of Cheibriados the Contemplative
   336 | D        | Reached XP level 2. HP: 23/28 MP: 2/2
   364 | D        | Reached * piety under Cheibriados
   365 | D        | Reached XP level 3. HP: 15/36 MP: 2/4
   365 | D        | Reached ** piety under Cheibriados
   555 | D        | Noticed Blork the orc
   565 | D        | Reached *** piety under Cheibriados
   578 | D        | Killed Blork the orc
   579 | D        | Reached skill level 5 in Fighting
   579 | D        | Reached XP level 4. HP: 26/46 MP: 4/6
   661 | D        | Reached **** piety under Cheibriados
   665 | D        | Reached ***** piety under Cheibriados
   666 | D        | Reached skill level 5 in Axes
   666 | D        | Reached XP level 5. HP: 30/52 MP: 1/8
   740 | D        | Reached skill level 5 in Invocations
   740 | D        | Noticed an orc warrior
   742 | D        | Killed an orc warrior
   742 | D        | Reached ****** piety under Cheibriados
   743 | D        | Reached skill level 5 in Armour
   743 | D        | Reached skill level 5 in Shields
   743 | D        | Reached XP level 6. HP: 48/63 MP: 3/10
   776 | D        | Noticed a black bear
   782 | D        | Killed a black bear
   785 | D        | Noticed a phantasmal warrior
   796 | D        | Killed a phantasmal warrior
   797 | D        | Reached XP level 7. HP: 36/74 MP: 5/13
   797 | D        | Reached XP level 8. HP: 40/81 MP: 5/14
   893 | D        | Noticed a flying skull
   893 | D        | Noticed Gastronok
   893 | D        | Noticed an unseen horror
   894 | D        | Killed an unseen horror
   894 | D        | Killed a flying skull
   920 | D        | Killed Gastronok
   921 | D        | Reached XP level 9. HP: 80/97 MP: 3/17
   921 | D        | Reached XP level 10. HP: 87/105 MP: 3/18
  1046 | D        | Noticed Grum
  1053 | D        | Killed Grum
  1251 | D        | Noticed a molten gargoyle
  1253 | D        | Killed a molten gargoyle
  1254 | D        | Reached skill level 10 in Armour
  1254 | D        | Reached skill level 10 in Shields
  1291 | D        | Reached XP level 11. HP: 73/114 MP: 15/20
  1957 | D        | Noticed Josephine
  1962 | D        | Killed Josephine
  1965 | D        | Noticed a flayed ghost
  1969 | D        | Killed a flayed ghost
  2227 | D        | Noticed a sea snake
  2227 | D        | Noticed Erica
  2232 | D        | Killed a sea snake
  2238 | D        | Killed Erica
  2565 | D        | Noticed a deep elf mage
  2565 | D        | Noticed Erolcha
  2569 | D        | Reached skill level 1 in Dodging
  2569 | D        | Reached XP level 12. HP: 113/126 MP: 11/22
  2582 | D        | Killed Erolcha
  3109 | D        | Got the ring "Deanoas" {Ice SInv}
  3450 | D        | Noticed a ghost moth
  3456 | D        | Killed a ghost moth
  3569 | D        | Noticed a ghost moth
  3578 | D        | Killed a ghost moth
  3853 | D        | Noticed a vampire knight
  3868 | D        | Killed a vampire knight
  3869 | D        | Reached skill level 5 in Dodging
  4065 | D        | Noticed a death cob
  4065 | D        | Noticed a vault guard
  4066 | D        | Noticed an orc warlord
  4066 | D        | Noticed an orc warlord
  4066 | D        | Noticed a naga warrior
  4066 | D        | Noticed a naga warrior
  4066 | D        | Noticed a naga warrior
  4066 | D        | Noticed a naga warrior
  4067 | D        | Noticed a deep elf demonologist
  4068 | D        | Killed a death cob
  4068 | D        | Killed a vault guard
  4069 | D        | Reached skill level 15 in Invocations
  4069 | D        | Gained mutation: You can use your snake-like lower body to
                  | constrict enemies. [Naga growth]
  4069 | D        | Reached XP level 13. HP: 54/135 MP: 13/24
  4069 | D        | Killed a deep elf demonologist
  4070 | D        | Reached skill level 15 in Axes
  4070 | D        | Killed an orc warlord
  4070 | D        | Killed an orc warlord
  4464 | D        | Noticed a vault guard
  4468 | D        | Killed a vault guard
  4469 | D        | Reached skill level 15 in Fighting
  4510 | D        | Got the +3 quarterstaff of Vanity {venom, rF++ MP+9}
  4589 | D        | Got the cursed +1 chain mail of Hobiroud {MR+ Dex+4}
  4728 | D        | Noticed an angel
  4728 | D        | Noticed a dire elephant
  4731 | D        | Reached XP level 14. HP: 147/147 MP: 9/26
  4731 | D        | Killed an angel
  4736 | D        | Killed a dire elephant
  4844 | D        | Noticed Eustachio
  4848 | D        | Reached skill level 10 in Dodging
  4849 | D        | Killed Eustachio
  4862 | D        | Noticed a ghoul
  4883 | D        | Reached skill level 15 in Armour
  4883 | D        | Reached skill level 15 in Shields
  4892 | D        | Killed a ghoul
  4918 | D        | Got the +3 mace "Paja" {elec, Str-4 Int+8}
  4925 | D        | Got the amulet of Trepidation {Gourm rPois}
  4934 | D        | Got the +3 short sword "Ezxous" {protect, MR+ Str+4}
  5033 | D        | Noticed a reaper
  5048 | D        | Killed a reaper
  5272 | D        | Noticed a deep elf sorcerer
  5273 | D        | Noticed a black draconian
  5276 | D        | Noticed a deep elf demonologist
  5278 | D        | Killed a deep elf sorcerer
  5278 | D        | Killed a deep elf demonologist
  5279 | D        | Noticed a black draconian
  5282 | D        | Killed a black draconian
  5284 | D        | Noticed a nagaraja
  5288 | D        | Noticed a white draconian
  5290 | D        | Killed a black draconian
  5292 | D        | Killed a nagaraja
  5295 | D        | Killed a white draconian
  5297 | D        | Reached XP level 15. HP: 77/157 MP: 3/27
  5568 | D        | Noticed a deep elf blademaster
  5569 | D        | Noticed a frost giant
  5577 | D        | Killed a deep elf blademaster
  5590 | D        | Killed a frost giant
  5685 | D        | Noticed a deep elf master archer
  5686 | D        | Noticed a frost giant
  5687 | D        | Noticed an ancient lich
  5689 | D        | Noticed a lich
  5690 | D        | Killed a deep elf master archer
  5691 | D        | Killed a frost giant
  5692 | D        | Killed an ancient lich
  5693 | D        | Reached skill level 5 in Unarmed Combat
  5696 | D        | Killed a lich
  5974 | D        | Got the Disquisition on Creative Heat
  5982 | D        | Got Kamoroqi's Guide on Poisonous Shape Shifting
  5986 | D        | Got the Reference Book on Viperous Feathers
  5990 | D        | Got Uraemo's Volume of Shape Shifting
  5993 | D        | Got the Guide on the Unstable Rocks
  6007 | D        | Got Sif Muna's Handbook of Warped Conjuration
  6027 | D        | Got the ring "Fydgh" {rPois rN+ Slay+5}
  6029 | D        | Got the amulet of Mistrust {RegenMP rF++ Str+4}
  6031 | D        | Got the ring of Woti {MR+ Slay+5}
  6033 | D        | Got the ring "Efaic" {rC+ Str+6 Dex+6}
  6035 | D        | Got the ring of Beogh's Wrath {+Inv rPois rC++ Dex+6
                  | Slay-6}
  6038 | D        | Got the ring of Ciutzi {Ice rN+}
  6041 | D        | Got the ring of Xom's Capriciousness {*Contam rF+ rC++ rN+
                  | Slay+3}
  6044 | D        | Got the amulet "Cejeh" {RegenMP Fragile rF++ Str+4 Int+3}
  6047 | D        | Got the ring of Xom's Absentmindedness {rPois rC+ MP+9}
  6049 | D        | Got the amulet of Plog {Faith rPois rC+ Int+4}
  6052 | D        | Got the ring "Narphan" {Int+3 Slay+5}
  6080 | D        | Got the ring "Zeczuali" {Wiz rN+}
  6085 | D        | Got the ring of Zarabb {rElec rF+ AC+6 Stlth-}
  6088 | D        | Got the ring "Ketiu" {Str-3 Int+7 SInv}
  6092 | D        | Got the ring "Tilehu" {rElec rPois rC- Str+6 SInv}
  6095 | D        | Got the ring "Noecvuho" {rElec MR+ Dex+4 SInv}
  6102 | D        | Got the ring of Sass {Wiz MR+ Str+4 Int+8}
  6106 | D        | Got the ring of Xom's Passing Interest {rN+ MP+9 Dex+5}
  6243 | D        | Noticed a titan
  6249 | D        | Reached skill level 5 in Throwing
  6249 | D        | Noticed a Shadow Fiend
  6251 | D        | Killed a titan
  6252 | D        | Reached XP level 16. HP: 74/169 MP: 10/29
  6381 | D        | Reached skill level 15 in Dodging
  6411 | D        | Noticed a sphinx
  6415 | D        | Killed a sphinx
  6530 | D        | Got the Volume of the Glacier
  6558 | D        | Reached skill level 10 in Unarmed Combat
  6559 | D        | Reached skill level 10 in Throwing
  6569 | D        | Got the cursed +1 ring mail of Recklessness {+Inv Str+3
                  | Int+3}
  6575 | D        | Got the +9 mace of Keipohas {freeze, rF+ MR+ Str-4 Dex+4}
  6677 | D        | Got the +0 bardiche "Riecwol" {holy, rPois rC+}
  6758 | D        | Reached XP level 17. HP: 81/181 MP: 15/30
  6764 | D        | Got the +2 pair of gloves of Midnight {Regen+ rCorr}
  6778 | D        | Got a silver rune of Zot
  6965 | D        | Noticed a curse toe
  6966 | D        | Noticed Jory
  6966 | D        | Noticed Mnoleg
  6974 | D        | Killed Jory
  6983 | D        | Noticed a tentacled monstrosity
  6983 | D        | Noticed a tentacled monstrosity
  6983 | D        | Killed a curse toe
  6985 | D        | Killed Mnoleg
  7154 | D        | Noticed a profane servitor
  7156 | D        | Noticed a curse toe
  7156 | D        | Noticed a titan
  7158 | D        | Killed a profane servitor
  7159 | D        | Reached XP level 18. HP: 103/194 MP: 6/32
  7159 | D        | Noticed Margery
  7167 | D        | Killed a titan
  7169 | D        | Killed Margery
  7178 | D        | Killed a curse toe
  7468 | D        | Paralysed by a floating eye for 3 turns
  7478 | D        | Noticed a profane servitor
  7487 | D        | Killed a profane servitor
  7537 | D        | Noticed a hellephant
  7548 | D        | Killed a hellephant
  7554 | D        | Found the -2 hat of the Alchemist {rElec rPois rF+ rC+ rN+
                  | MR+ rMut rCorr}
  7560 | D        | Noticed Kusoagran the pandemonium lord
  7564 | D        | Reached skill level 15 in Throwing
  7564 | D        | Noticed a Shadow Fiend
  7567 | D        | Killed Kusoagran the pandemonium lord
  7771 | D        | Reached skill level 15 in Unarmed Combat
  7784 | D        | Noticed a curse toe
  7792 | D        | Killed a curse toe
  8067 | D        | Got the amulet of Youthful Indiscretion {Reflect MP+9 SH+2}
  8069 | D        | Found the +6 arbalest "Damnation" {hellfire, *Curse}
  8352 | D        | Noticed a pearl dragon
  8360 | D        | Killed a pearl dragon
  8363 | D        | Noticed a deep elf master archer
  8368 | D        | Killed a deep elf master archer
  8370 | D        | Noticed an Ice Fiend
  8376 | D        | Killed an Ice Fiend
  8705 | D        | Noticed a titan
  8705 | D        | Noticed the 27-headed Lernaean hydra
  8705 | D        | Noticed an ancient lich
  8705 | D        | Noticed a lich
  8705 | D        | Noticed an electric golem
  8705 | D        | Noticed a bone dragon
  8708 | D        | Killed an electric golem
  8709 | D        | Killed a lich
  8709 | D        | Killed an ancient lich
  8710 | D        | Reached XP level 19. HP: 189/206 MP: 15/34
  8711 | D        | Killed the 27-headed Lernaean hydra
  8713 | D        | Killed a bone dragon
  8959 | D        | Noticed a Shadow Fiend
  8966 | D        | Killed a Shadow Fiend
  8976 | D        | Noticed a pearl dragon
  8986 | D        | Killed a pearl dragon
  9002 | D        | Noticed Boris
  9011 | D        | Killed Boris
  9021 | D        | Noticed an orb of fire
  9035 | D        | Gained mutation: Your body sometimes deteriorates upon
                  | taking damage. [an orb of fire]
  9039 | D        | Killed an orb of fire
  9082 | D        | Noticed Ylatelam the pandemonium lord
  9084 | D        | Noticed a tentacled monstrosity
  9096 | D        | Killed Ylatelam the pandemonium lord
  9287 | D        | Noticed a Shadow Fiend
  9287 | D        | Noticed Dissolution
  9288 | D        | Noticed Nikola
  9290 | D        | Killed Dissolution
  9292 | D        | Killed a Shadow Fiend
  9296 | D        | Killed Nikola
  9538 | D        | Noticed Guaf the pandemonium lord
  9546 | D        | Killed Guaf the pandemonium lord
  9551 | D        | Noticed an orb of fire
  9552 | D        | Gained mutation: Potions are less effective at restoring
                  | your health. [an orb of fire]
  9553 | D        | Gained mutation: You have a beak for a mouth. [an orb of
                  | fire]
  9564 | D        | Gained mutation: Your spells are a little easier to cast,
                  | but a little less powerful. [an orb of fire]
  9571 | D        | Killed an orb of fire
  9572 | D        | Reached XP level 20. HP: 153/220 MP: 36/36
  9748 | D        | Noticed Louise
  9748 | D        | Noticed a Shadow Fiend
  9748 | D        | Noticed a Killer Klown
  9749 | D        | Noticed Pimemazy the pandemonium lord
  9753 | D        | Killed Pimemazy the pandemonium lord
  9761 | D        | Killed a Killer Klown
  9769 | D        | Killed Louise
  9771 | D        | Killed a Shadow Fiend
  9785 | D        | Noticed a profane servitor
  9785 | D        | Noticed a Brimstone Fiend
  9790 | D        | Killed a profane servitor
  9790 | D        | Killed a Brimstone Fiend
 10233 | D        | Found the +9 scales of the Dragon King {rPois rF+ rC+ MR+}
 10234 | D        | Found the +10 morningstar "Eos" {elec, Halo rElec}
 10244 | D        | Got an iron rune of Zot
 10300 | D        | Got the ring "Rohorirr" {rElec rC+ Str+2 Int+4 Dex+2}
 10306 | D        | Got the ring "Bywegit" {Fire Str+3 Slay-6 SInv}
 10312 | D        | Got the amulet of Rytos {Inacc rPois Int+6 Stlth-}
 10315 | D        | Got the +9 great mace "Qypizuge" {drain, Str+3 SInv}
 10319 | D        | Got the amulet "Puzxahic" {Spirit Fragile Int+2 SInv}
 10322 | D        | Got the +9 scythe of the Ageless Bones {freeze, +Inv rElec
                  | rC+}
 10327 | D        | Got the +7 demon whip "Kenybiam" {drain, *Contam +Rage
                  | Str+3 Dex+6}
 10332 | D        | Got the amulet "Heuci" {RegenMP *Contam SInv Stlth+}
 10351 | D        | Got the ring "Veygh" {*Slow rC+ rN+ Dex+7}
 10654 | D        | Noticed a Shadow Fiend
 10661 | D        | Killed a Shadow Fiend
 10672 | D        | Noticed a greater mummy
 10681 | D        | Killed a greater mummy
 10980 | D        | Noticed a greater mummy
 10992 | D        | Killed a greater mummy
 11351 | D        | Noticed Saevvo Waer the pandemonium lord
 11369 | D        | Killed Saevvo Waer the pandemonium lord
 11402 | D        | Noticed a Shadow Fiend
 11408 | D        | Killed a Shadow Fiend
 11800 | D        | Noticed a greater mummy
 11813 | D        | Noticed a Shadow Fiend
 11817 | D        | Killed a greater mummy
 12796 | D        | Noticed an orb of fire
 12798 | D        | Gained mutation: You are dopey. (Int -2) [an orb of fire]
 12818 | D        | Killed an orb of fire
 13036 | D        | Noticed Gloorx Vloq
 13050 | D        | Killed Gloorx Vloq
 13051 | D        | Reached XP level 21. HP: 29/234 MP: 31/37
 13585 | D        | Noticed Poizeng the pandemonium lord
 13593 | D        | Killed Poizeng the pandemonium lord
 13938 | D        | Found the +5 pair of quick blades "Gyre" and "Gimble"
                  | {pierce}
 13945 | D        | Reached skill level 27 in Armour
 13945 | D        | Reached skill level 27 in Shields
 13947 | D        | Reached skill level 27 in Dodging
 13947 | D        | Reached skill level 27 in Invocations
 13952 | D        | Reached XP level 22. HP: 219/252 MP: 6/39
 13970 | D        | Reached skill level 27 in Fighting
 14011 | D        | Got Padupi's Handbook of Translocation
 14050 | D        | Got a golden rune of Zot
 14073 | D        | Got Onki's Incunabulum of the Oath
 14613 | D        | Noticed Mennas
 14614 | D        | Noticed Xtahua
 14617 | D        | Reached skill level 27 in Unarmed Combat
 14618 | D        | Killed Mennas
 14620 | D        | Reached skill level 10 in Crossbows
 14621 | D        | Killed Xtahua
 14622 | D        | Reached skill level 27 in Throwing
 14622 | D        | Found the +6 fire dragon scales of Xtahua {rF+++ rC- MR+}
 14950 | D        | Reached XP level 23. HP: 262/262 MP: 40/40
 14961 | D        | Noticed an orb of fire
 14980 | D        | Gained mutation: Your magical capacity is low. (-10% MP)
                  | [an orb of fire]
 14986 | D        | Killed an orb of fire
 14987 | D        | Reached skill level 15 in Crossbows
 14989 | D        | Noticed an orb of fire
 14999 | D        | Noticed a greater mummy
 15010 | D        | Gained mutation: You do not regenerate when monsters are
                  | visible. [an orb of fire]
 15013 | D        | Killed an orb of fire
 15019 | D        | Killed a greater mummy
 15256 | D        | Noticed an orb of fire
 15258 | D        | Noticed an ancient lich
 15262 | D        | Killed an orb of fire
 15262 | D        | HP: 6/262 [ancient lich/crystal spear (59)]
 15262 | D        | Splashed by an acid blob's acid

Skill      XL: |  1  2  3  4  5  6  7  8  9 10 11 12 13 14 15 16 17 18 19 20 21 22 23 |
---------------+----------------------------------------------------------------------+-----
Fighting       | 4 5 6 8 11 12 13 14 15 16 17 18 19 21 22 24 26 27 | 27.0
Axes           | 3 4 5 6 7 11 13 14 16 18 21 26 | 26.1
Armour         | 3 4 5 6 9 10 11 12 14 15 17 19 21 22 24 26 27 | 27.0
Shields        | 3 4 5 6 9 10 11 12 14 15 17 19 21 22 24 26 27 | 27.0
Invocations    | 2 3 4 6 8 11 12 14 15 16 17 18 19 21 22 24 25 27 | 27.0
Dodging        | 1 6 9 12 14 16 18 20 22 24 27 | 27.0
Unarmed Combat | 8 11 13 16 18 20 23 27 | 27.0
Throwing       | 6 12 14 16 17 19 22 27 | 27.0
Crossbows      | 13 19 | 19.9

Action                   |  1- 3 |  4- 6 |  7- 9 | 10-12 | 13-15 | 16-18 | 19-21 | 22-24 || total
-------------------------+-------+-------+-------+-------+-------+-------+-------+-------++-------
Melee: Hand axe          |    35 |    23 |    23 |    79 |       |       |       |       ||   160
       War axe           |     3 |       |       |       |       |       |       |       ||     3
       Broad axe         |       |       |       |    35 |   129 |   132 |   291 |   125 ||   712
       Constrict         |       |       |       |       |    23 |    21 |    26 |     5 ||    75
       Peck              |       |       |       |       |       |       |    98 |    57 ||   155
 Fire: Hand crossbow     |       |       |       |       |     5 |       |       |       ||     5
Throw: Stone             |       |       |       |     1 |       |       |       |       ||     1
       Javelin           |       |       |       |       |    11 |     4 |       |     1 ||    16
Invok: Slouch            |       |     3 |     3 |    29 |    36 |    61 |    30 |    23 ||   185
Evoke: Wand              |       |       |       |     1 |     1 |       |       |       ||     2
  Use: Potion            |       |     1 |     5 |       |     3 |    11 |    11 |     1 ||    32
  Eat: Chunk             |       |       |     1 |     4 |       |     2 |       |       ||     7
       Ration            |       |       |       |     1 |     2 |     2 |     4 |     2 ||    11
Armor: Scale mail        |     9 |       |       |       |       |       |       |       ||     9
       Chain mail        |       |     8 |     2 |       |       |       |       |       ||    10
       Plate armour      |       |       |       |    55 |    47 |       |       |       ||   102
       Gold dragon scale |       |       |       |       |     3 |    76 |    87 |    50 ||   216
Dodge: Dodged            |     6 |     3 |     2 |    18 |    72 |    87 |   138 |    73 ||   399
Block: Medium shield     |    14 |    22 |     8 |   100 |   107 |    47 |       |       ||   298
       Large shield      |       |       |       |       |       |   183 |   316 |   182 ||   681
